 Dungeon Crawl Stone Soup version 0.22-a0-305-gd21a89c (webtiles) character file.

17 rageheart7 the Poker (level 2, -2/24 HPs)
             Began as a Merfolk Monk on Mar 30, 2018.
             Slain by a worm (7 damage)
             ... on level 2 of the Dungeon.
             The game lasted 00:01:03 (1365 turns).

rageheart7 the Poker (Merfolk Monk)                 Turns: 1365, Time: 00:01:03

Health: -2/24      AC:  3    Str:  9 (11) XL:     2   Next: 62%
Magic:  2/2        EV: 13    Int:  7 (9)  God:
Gold:   47         SH:  0    Dex: 15 (16) Spells: 1/1 levels left

rFire    . . .     SeeInvis .   a - +0 spear
rCold    . . .     Gourm    .   (no shield)
rNeg     . . .     Faith    .   e - +0 leather armour
rPois    .         Spirit   .   (no helmet)
rElec    .         Reflect  .   (no cloak)
rCorr    .         Harm     .   (no gloves)
MR       .....                  (no boots)
Stlth    ++........             (no amulet)
HPRegen  0.08/turn              (no ring)
MPRegen  0.08/turn              (no ring)

@: no status effects
A: change form in water, swift swim, stealthy swim
a: no special abilities


You were on level 2 of the Dungeon.
You were not hungry.

You visited 1 branch of the dungeon, and saw 2 of its levels.

You collected 47 gold pieces.

Inventory:

Hand Weapons
 a - a +0 spear (weapon)
Missiles
 m - 6 javelins (quivered)
Armour
 e - a +0 leather armour (worn)
Scrolls
 b - a scroll of identify {unknown}
 d - a scroll of fog {unknown}
 f - 2 scrolls of enchant weapon {unknown}
 h - a scroll of remove curse {unknown}
 j - 2 scrolls of teleportation {unknown}
Potions
 g - a potion of agility {unknown}
 i - a potion of ambrosia {unknown}
 k - a potion of degeneration
 l - 2 potions of brilliance {unknown}
 n - a potion of mutation {unknown}
Comestibles
 c - 5 rations


   Skills:
 - Level 3.2 Fighting
 * Level 5.7 Polearms
 - Level 4.0 Dodging
 - Level 2.1 Stealth


You had one spell level left.
You didn't know any spells.

Dungeon Overview and Level Annotations

Branches:
Dungeon (2/15)

Altars:
Elyvilon


Message History

You hit the worm.
The worm is heavily wounded.
You hit the worm.
The worm is heavily wounded.
The worm bites you.
You are too injured to fight recklessly!
You are too injured to fight recklessly!
It was a potion of degeneration.
There was something very wrong with that liquid.
You feel weakened.
You feel dopey.
You feel clumsy.
You hit the worm.
The worm is severely wounded.
The worm bites you.
* * * LOW HITPOINT WARNING * * *
You hit the worm.
The worm is severely wounded.
You completely miss the worm.
The worm is severely wounded.
The worm bites you!
You die...

.......#.#.#..######
#....#####......#
#....## ########
.....# #....# #####
#....# #.... ######
#....#
#.#.#####.....
#...w#
#.#....##.####
#...@# #.#.##.##.#
#....###.#.##.##.#
####.......##.##.#
##########.##.#
#.##.# #######.##.#
#......)..(#
####.####### #.#


You could see a worm.

Vanquished Creatures
  An ooze (D:1)
  A ball python (D:2)
  3 goblins (D:1)
  2 hobgoblins
  2 bats (D:1)
  A frilled lizard (D:1)
  A kobold (D:1)
  A rat (D:2)
12 creatures vanquished.

Notes
Turn   | Place    | Note
-------+----------+-------------------------------------------
     0 | D:1      | rageheart7 the Merfolk Monk began the quest for the Orb.
     0 | D:1      | Reached XP level 1. HP: 18/18 MP: 1/1
   424 | D:1      | Reached skill level 5 in Polearms
   436 | D:1      | Reached XP level 2. HP: 24/24 MP: 2/2
  1295 | D:2      | Found a white marble altar of Elyvilon.
  1365 | D:2      | Slain by a worm

Vault maps used:
D:1:      giann_horns, roderic_serpentine_path, roderic_lattice_a
D:2:      nemelex_altar_shiori, gammafunk_temple_overflow_statue,
          lemuel_crystal_altar, uniq_natasha

Skill      XL: |  1 |
---------------+----+-----
Polearms       | 5 |  5.7
Fighting       | |  3.2
Dodging        | |  4.0
Stealth        | |  2.1

Action                   || total
-------------------------++-------
Melee: Spear             ||    55
  Use: Potion            ||     1
 Stab: Sleeping          ||     4
  Eat: Chunk             ||     1
Armor: Leather armour    ||     6
       Robe              ||     4
Dodge: Dodged            ||    26

Table legend:
 A = Spawn XP
 B = Non-spawn XP
 C = Spawn XP percentage of total XP
 D = Spawn monster count
 E = Non-spawn monster count
 F = Spawn count percentage of total count
 G = Total turns spent on level
                    A         B        C        D         E        F      G
               +---------+---------+-------+---------+---------+-------+---------
         Total |       0 |      25 |   0.0 |       0 |      12 |   0.0 |  1365
               +---------+---------+-------+---------+---------+-------+---------
           D:1 |       0 |      20 |   0.0 |       0 |       9 |   0.0 |  1236
           D:2 |       0 |       5 |   0.0 |       0 |       3 |   0.0 |   129
               +---------+---------+-------+---------+---------+-------+---------
